 Dungeon Crawl Stone Soup version 0.17.0-23-g0de4337 (webtiles) character file.

821 imganon the Poker (level 7, -4/57 HPs)
             Began as a Demonspawn Chaos Knight on Nov 15, 2015.
             Slain by an orc warrior
             ... wielding a +0 flail
              (11 damage)
             ... on level 5 of the Dungeon.
             The game lasted 00:13:57 (4668 turns).

imganon the Poker (Demonspawn Chaos Knight)         Turns: 4668, Time: 00:13:58

Health: -4/57      AC: 13    Str: 13      XL:     7   Next: 63%
Magic:  12/12      EV: 11    Int: 15      God:    Xom [....*.]
Gold:   133        SH:  0    Dex:  3 (12) Spells: 1 memorised, 12 levels left

rFire  . . .     SeeInvis .     a - +1 spear (chaos)
rCold  + . .     Clarity  .     b - +2 leather armour
rNeg   . . .     SustAt   .     (no shield)
rPois  .         Gourm    .     (no helmet)
rElec  .         Spirit   .     d - +0 cloak
rCorr  .         Warding  .     (no gloves)
rMut   .         Stasis   .     j - +0 pair of boots {run}
MR     .....                    r - amulet of rage
Stlth  ..........               (no ring)
                                o - ring of protection from cold

@: quick, not resistant to hostile enchantments, extremely unstealthy
A: iridescent scales 2, powered by pain 1, robust 1, spit poison 2
a: Spit Poison, Renounce Religion, Evoke Berserk Rage


You were on level 5 of the Dungeon.
You worshipped Xom.
You were a beloved toy of Xom.
You were hungry.

You visited 1 branch of the dungeon, and saw 6 of its levels.

You collected 247 gold pieces.
You spent 114 gold pieces at shops.

Inventory:

Hand Weapons
 a - a +1 spear of chaos (weapon)
Armour
 b - a +2 leather armour (worn)
 d - a +0 cloak (worn)
 j - a +0 pair of boots of running (worn)
Jewellery
 i - an uncursed ring of fire {unknown}
 o - a ring of protection from cold (left hand)
 r - an amulet of rage (around neck)
 w - an uncursed ring of teleportation
 D - an uncursed ring of protection from cold
Wands
 k - a wand of enslavement (17)
 A - a wand of paralysis (18)
Scrolls
 e - a scroll of teleportation
 g - a scroll of magic mapping
 h - 2 scrolls of fog
 m - a scroll of identify
 v - a scroll of fear
 y - a scroll of amnesia
Potions
 p - 2 potions of heal wounds
 q - a potion of degeneration {unknown}
 s - a potion of flight {unknown}
 x - a potion of cancellation {unknown}
 B - a potion of curing
 C - a potion of cure mutation {unknown}
Books
 n - a book of Flames

   Spells                             Type                      Level
   a - Flame Tongue                   Conjuration/Fire             1
   b - Throw Flame                    Conjuration/Fire             2
   c - Conjure Flame                  Conjuration/Fire             3
   d - Inner Flame                    Hexes/Fire                   3
   e - Sticky Flame                   Conjuration/Fire             4
   f - Fireball                       Conjuration/Fire             5
 t - a book of Callings

   Spells                             Type                      Level
   a - Summon Small Mammal            Summoning                    1
   b - Call Imp                       Summoning                    2
   c - Call Canine Familiar           Summoning                    3
   d - Summon Guardian Golem          Hexes/Summoning              3
   e - Summon Lightning Spire         Summoning/Air                4
   f - Summon Ice Beast               Ice/Summoning                4
Comestibles
 c - 3 bread rations
 f - 4 fruits
 l - 2 meat rations
 u - a beef jerky
 z - 3 chunks of flesh


   Skills:
 - Level 3.0 Fighting
 - Level 5.1 Polearms
 - Level 1.7 Armour
 - Level 0.8 Dodging
 + Level 3.5 Spellcasting
 + Level 3.8 Conjurations
 + Level 3.4 Fire Magic


You had 12 spell levels left.
You knew the following spells:

 Your Spells              Type           Power        Failure   Level  Hunger
a - Flame Tongue          Conj/Fire      ##...        6%          1    None


Dungeon Overview and Level Annotations

Branches:
Dungeon (6/15)
 Temple: D:4-7

Altars:
Ashenzari
Cheibriados
Fedhas
Vehumet
Yredelemnul

Shops:
D:5 ?


Innate Abilities, Weirdness & Mutations

You are mostly covered in iridescent scales (AC +6).
You sometimes gain a little power by taking damage.
You are robust (+10% HP).
You can spit poison.


Message History

Press: ? - help, Dir - move target cursor, f/p - gnoll
Aim: a gnoll, wielding a spear You reach to attack!
You barely miss the gnoll. Something hits you!! The gnoll barely misses you. x2
Something completely misses you.
An adder comes into view.
You are feeling hungry.
Something hits you.
Found a blowgun.
The gnoll misses you. Something hits you but does no damage.
The gnoll barely misses you.
There is a stone staircase leading up here.
Something hits you! The gnoll hits you but does no damage.
You climb upwards.
There is a stone staircase leading down here.
You start resting.
Something hits you!
* * * LOW HITPOINT WARNING * * *
Unknown command.
Something hits you!
You die...

###(..##.# #...#.##.##
####.#.#.#...# ##....#.#.###.#
#....##.#.###.# #....##.#...#.#
######### #....##.#...#.#
###.......########....##.#.#.#.#
................@>....##.#.###.#
###.......#######........#.....#
###.......#######.####.####....#
..................##
#.####.#.###
#################..#
#....#<#.... #..# ####.#######
#..######........
#......########## #.#.##!#######


There were no monsters in sight!

Vanquished Creatures
  A giant frog (D:6)
  2 scorpions
  2 quasits
  A jelly (shapeshifter) (D:1)
  A centaur skeleton (D:5)
  An iguana (D:3)
  2 worker ants
  An orc priest (D:4)
  3 orc wizards
  A hound zombie (D:6)
  A hound skeleton (D:6)
  5 adders
  A shadow imp (D:3)
  An ooze (D:1)
  2 worms (D:2)
  4 giant geckos
  22 orcs
  9 bats
  3 giant cockroaches
  3 hobgoblins
  3 ball pythons
  A ball python skeleton (D:5)
  A giant cockroach zombie (D:5)
  A giant gecko skeleton (D:4)
  7 giant newts
  10 goblins
  12 jackals
  8 kobolds
  A quokka (D:3)
  7 rats
117 creatures vanquished.

Vanquished Creatures (collateral kills)
  Sigmund (D:3)
  A crimson imp (D:4)
  An orc priest (D:4)
  A worker ant (D:4)
  3 orcs (D:4)
7 creatures vanquished.

Vanquished Creatures (others)
  A giant cockroach (D:5)
1 creature vanquished.

Grand Total: 125 creatures vanquished

Notes
Turn   | Place    | Note
--------------------------------------------------------------
     0 | D:1      | imganon the Demonspawn Chaos Knight began the quest for the Orb.
     0 | D:1      | Reached XP level 1. HP: 18/18 MP: 1/1
    60 | D:1      | Gained mutation: You are partially covered in iridescent scales (AC +4). [demonic ancestry]
    60 | D:1      | Reached XP level 2. HP: 20/24 MP: 2/2
   175 | D:1      | XOM: harmless Chrm miscast
   180 | D:1      | Reached skill level 4 in Polearms
   180 | D:1      | Reached XP level 3. HP: 22/29 MP: 3/3
   608 | D:1      | XOM: silly message
   641 | D:1      | XOM: harmless Divn miscast
   734 | D:2      | XOM: cast spell 'Blink'
   736 | D:2      | Gained mutation: You are mostly covered in iridescent scales (AC +6). [demonic ancestry]
   736 | D:2      | Reached XP level 4. HP: 35/35 MP: 4/4
   991 | D:2      | XOM: 1-stop teleportation journey
  1078 | D:2      | XOM: god gift: falchion {god gift}
  1401 | D:2      | Found a shattered altar of Ashenzari.
  1401 | D:2      | Found a basalt altar of Yredelemnul.
  1457 | D:2      | Learned a level 1 spell: Flame Tongue
  1830 | D:3      | Reached skill level 5 in Polearms
  1931 | D:3      | Reached XP level 5. HP: 41/41 MP: 5/5
  1962 | D:3      | XOM: 2-stop teleportation journey
  2019 | D:3      | XOM: divination: detect creatures
  2085 | D:3      | XOM: polymorph crimson imp -> shadow imp
  2090 | D:3      | Reached skill level 1 in Spellcasting
  2383 | D:3      | Reached skill level 1 in Conjurations
  2387 | D:3      | XOM: god gift: scale mail {god gift}
  2395 | D:3      | Reached skill level 1 in Fire Magic
  2453 | D:3      | Noticed Sigmund
  2472 | D:3      | Killed Sigmund
  2472 | D:3      | Reached XP level 6. HP: 38/47 MP: 8/8
  2670 | D:4      | XOM: give mutations
  2670 | D:4      | Gained mutation: You can spit weak poison. [Xom's grace]
  2670 | D:4      | Gained mutation: You are robust (+10% HP). [Xom's grace]
  2670 | D:4      | Gained mutation: You can spit poison. [Xom's grace]
  2880 | D:4      | Found a snail-covered altar of Cheibriados.
  2887 | D:4      | Found a blossoming altar of Fedhas.
  2961 | D:4      | XOM: god gift: pair of glowing boots {god gift}
  2974 | D:4      | XOM: summons friendly blue devil
  3010 | D:4      | XOM: confuse monster(s)
  3012 | D:4      | XOM: summons 6 friendly demons
  3233 | D:4      | XOM: vitrification
  3252 | D:4      | Gained mutation: You sometimes gain a little power by taking damage. [demonic ancestry]
  3252 | D:4      | Reached XP level 7. HP: 52/57 MP: 9/11
  3393 | D:4      | Identified a +0 pair of boots of running (Xom gifted it to you on level 4 of the Dungeon)
  3685 | D:5      | Entered Level 5 of the Dungeon
  3712 | D:5      | XOM: polymorph crimson imp -> quasit
  3807 | D:5      | XOM: divination: magic mapping
  4000 | D:5      | XOM: 3-stop teleportation journey
  4062 | D:5      | XOM: enchant monster (good)
  4148 | D:5      | Found Yruc's Magic Scroll Shoppe.
  4164 | D:5      | Bought a scroll of teleportation for 36 gold pieces
  4164 | D:5      | Bought a scroll of amnesia for 42 gold pieces
  4164 | D:5      | Bought a scroll of fog for 24 gold pieces
  4164 | D:5      | Bought a scroll of random uselessness for 12 gold pieces
  4213 | D:5      | XOM: mild Tloc miscast
  4513 | D:6      | XOM: confuse monster(s)
  4597 | D:6      | Found a radiant altar of Vehumet.
  4628 | D:6      | XOM: enchant monster (good)
  4631 | D:6      | XOM: polymorph orc -> bat
  4668 | D:5      | Slain by an orc warrior

Action                   |  1- 3 |  4- 6 |  7- 9 || total
-------------------------+-------+-------+-------++-------
Melee: Spear             |    98 |   313 |   258 ||   669
 Cast: Flame Tongue      |       |     7 |     6 ||    13
  Use: Potion            |       |     3 |     1 ||     4
       Scroll            |       |       |     7 ||     7
 Stab: Paralysed         |       |     2 |     7 ||     9
       Sleeping          |       |     1 |       ||     1
       Petrified         |       |       |     2 ||     2
       Petrifying        |       |       |     1 ||     1
  Eat: Chunk             |       |     4 |     5 ||     9
       Fruit             |       |     4 |       ||     4
